Map: Beckett Industries LE

Players

Harstem

  • Race: Protoss Protoss

Serral - Winner!

  • Race: Zerg Zerg

Event: DreamHack SC2 Masters 2021 Winter

VOD

Have the link to the VOD?

Description

Time

  • Played on: Oct. 8, 2021, 12:04 p.m.
  • Length: 9:22

All games in this series

Show
View Real Time Build Order
Export as new Build Order

Harstem Protoss 

Build Orders: 1 Gate Expand, Colossus Rush 

Get SALT Encoding   

  12  0:00  Probe  
  13  0:12  Probe  
  14  0:18  Pylon  
  14  0:24  Probe (Chrono Boost)  
  15  0:37  Probe (Chrono Boost)  
  15  0:38  Gateway  
  16  0:45  Probe (Chrono Boost)  
  17  0:50  Assimilator  
  17  0:51  Probe  
  18  1:04  Probe  
  19  1:16  Probe  
  20  1:26  Nexus  
  20  1:37  Cybernetics Core  
  20  1:39  Probe  
  21  1:48  Assimilator  
  21  1:51  Probe  
  22  1:56  Pylon  
  22  2:04  Probe  
  23  2:12  Adept (Chrono Boost)  
  23  2:14  Warp Gate  
  25  2:21  Cybernetics Core  
  26  2:28  Robotics Facility  
  25  2:31  Probe  
  25  2:33  Stalker (Chrono Boost)  
  27  2:38  Probe  
  27  2:43  Probe  
  29  2:50  Probe  
  30  2:55  Probe  
  30  2:57  Gateway  
  31  3:02  Probe  
  32  3:05  Shield Battery  
  32  3:07  Probe  
  33  3:14  Probe  
  33  3:19  Robotics Bay, Observer  
  35  3:20  Probe  
  35  3:26  Probe  
  36  3:30  Adept  
  36  3:32  Probe  
  40  3:44  Warp Prism (Chrono Boost)  
  42  3:48  Probe  
  42  3:50  Probe, Pylon  
  43  4:00  Probe  
  44  4:03  Probe  
  44  4:07  Gravitic Drive  
  45  4:10  Disruptor (Chrono Boost)  
  45  4:13  Probe  
  45  4:15  Probe  
  50  4:18  Pylon  
  50  4:25  Probe  
  50  4:27  Probe  
  50  4:30  Pylon  
  50  4:31  Assimilator  
  52  4:33  Assimilator  
  52  4:34  Adept  
  52  4:36  Adept  
  52  4:37  Probe  
  57  4:42  Pylon  
  57  4:46  Immortal  
  57  4:48  Probe  
  57  4:50  Probe  
  63  5:00  Probe, Sentry  
  63  5:03  Forge  
  63  5:06  Sentry  
  68  5:07  Probe  
  68  5:08  Pylon  
  70  5:21  Probe  
  70  5:26  Nexus  
  70  5:32  Colossus (Chrono Boost), Probe  
  70  5:34  Protoss Ground Weapons Level 1 (Chrono Boost)  
  71  5:42  Pylon  
  77  5:44  Probe x2  
  79  5:50  Pylon  
  79  5:55  Extended Thermal Lance  
  79  5:56  Probe  
  80  5:57  Phoenix  
  80  6:08  Shield Battery  
  80  6:11  Stalker  
  82  6:12  Probe  
  82  6:13  Colossus (Chrono Boost), Probe  
  90  6:21  Zealot  
  90  6:24  Probe  
  93  6:31  Gateway  
  93  6:33  Gateway, Probe  
  93  6:36  Gateway  
  93  6:38  Probe  
  95  6:41  Gateway  
  95  6:42  Probe  
  96  6:52  Probe, Sentry x2  
  101  6:55  Probe, Pylon  
  101  6:59  Disruptor (Chrono Boost)  
  106  7:04  Assimilator, Probe  
  106  7:07  Assimilator  
  106  7:08  Gateway  
  106  7:09  Gateway, Probe  
  106  7:15  Photon Cannon, Sentry  
  110  7:17  Sentry  
  110  7:19  Pylon  
  110  7:20  Probe  
  110  7:22  Probe  
  113  7:25  Probe  
  114  7:32  Stalker, Probe  
  114  7:36  Pylon  
  117  7:37  Stalker x2  
  117  7:40  Stalker, Sentry  
  123  7:54  Stalker  
  123  7:55  Probe  
  123  7:57  Pylon  
  126  7:59  Pylon  
  126  8:09  Stalker x3  
  132  8:13  Probe  
  132  8:16  Stalker x4  
  132  8:17  Pylon  
  140  8:22  Stalker  
  132  8:32  Stalker x3  
  105  8:45  Stalker x5  
Show
View Real Time Build Order
Export as new Build Order

Serral Zerg - Winner!

Build Orders: Pool First 

Get SALT Encoding   

  12  0:00  Drone  
  13  0:12  Overlord  
  13  0:16  Drone  
  14  0:30  Drone x2  
  16  0:38  Drone  
  17  0:44  Extractor  
  17  0:45  Drone  
  17  0:50  Spawning Pool  
  17  0:56  Drone  
  17  1:06  Drone  
  18  1:19  Hatchery  
  18  1:22  Drone  
  18  1:36  Queen  
  18  1:37  Zergling x2  
  21  1:41  Zergling x2  
  22  1:49  Metabolic Boost  
  22  1:57  Overlord  
  22  2:14  Queen  
  25  2:15  Drone x2  
  25  2:21  Drone  
  27  2:31  Zergling x2  
  27  2:34  Zergling x2  
  27  2:35  Queen  
  31  2:42  Drone  
  31  2:44  Drone x2  
  34  2:46  Drone  
  34  2:48  Drone  
  36  2:53  Overlord  
  36  3:10  Hatchery  
  36  3:11  Drone  
  36  3:13  Drone  
  36  3:15  Drone  
  36  3:17  Drone  
  39  3:20  Drone  
  39  3:22  Drone  
  39  3:24  Drone  
  42  3:30  Drone x2  
  42  3:31  Overlord  
  44  3:39  Roach Warren  
  44  3:41  Drone  
  44  3:47  Overlord  
  43  3:52  Overlord  
  43  3:53  Drone x3  
  46  3:57  Overlord  
  46  4:04  Queen  
  46  4:06  Drone  
  46  4:07  Drone x2  
  51  4:11  Overlord  
  51  4:13  Drone  
  52  4:17  Lair  
  52  4:18  Drone  
  52  4:20  Drone  
  54  4:24  Drone x3  
  54  4:31  Drone x3, Extractor  
  58  4:32  Extractor  
  58  4:35  Spore Crawler  
  57  4:38  Zergling x4  
  57  4:39  Zergling x2  
  57  4:40  Drone x2  
  62  4:46  Queen  
  62  4:48  Zergling x4  
  62  4:50  Overlord  
  66  4:54  Extractor  
  66  4:55  Zergling x2, Extractor  
  66  4:57  Roach x2  
  69  5:04  Drone x2  
  69  5:05  Drone x4  
  75  5:10  Overlord  
  75  5:13  Drone x2  
  77  5:14  Overlord  
  77  5:18  Overlord  
  77  5:19  Glial Reconstitution  
  77  5:24  Roach x2  
  80  5:31  Roach  
  80  5:32  Overseer, Roach x2  
  86  5:37  Overlord  
  86  5:43  Roach x2  
  86  5:44  Roach  
  86  5:46  Overlord  
  86  5:48  Overlord  
  92  5:53  Overseer  
  92  5:57  Spire, Roach, Extractor  
  92  5:58  Roach  
  94  6:05  Drone x3  
  94  6:09  Drone x3  
  94  6:10  Evolution Chamber  
  94  6:11  Drone x2  
  101  6:15  Drone x2  
  103  6:18  Drone x2  
  103  6:19  Drone x2  
  103  6:22  Ravager x2  
  103  6:23  Ravager x2  
  111  6:27  Overlord  
  111  6:37  Zerg Melee Weapons Level 1  
  111  6:38  Drone  
  111  6:39  Zergling x2  
  115  6:40  Zergling x4  
  115  6:41  Hatchery  
  115  6:44  Zergling x8  
  118  6:53  Zergling x2, Overlord  
  118  6:54  Zergling x6  
  122  7:00  Overlord  
  122  7:06  Drone  
  122  7:08  Baneling Nest  
  122  7:10  Overlord  
  122  7:15  Drone  
  123  7:17  Mutalisk x6  
  123  7:20  Zerg Flyer Weapons Level 1  
  135  7:25  Mutalisk x2  
  139  7:30  Mutalisk  
  139  7:34  Zergling x8  
  145  7:43  Roach x7  
  159  7:51  Roach x3  
  164  7:56  Roach x4  
  172  8:00  Centrifugal Hooks  
  172  8:02  Queen  
  172  8:05  Roach x2  
  174  8:07  Overlord  
  173  8:15  Zergling x14  
  163  8:30  Zergling x14  
  160  8:35  Zergling x12  
  160  8:39  Zergling x4  
  146  8:43  Zergling x4  
  146  8:47  Roach  
  135  8:50  Roach  
  135  8:51  Roach x5  

Tags
 
Add a new tag
Caveats
  • Supply blocks, unpowered buildings, or Contaminate may cause inaccurate times.
  • Supply counts are checked every 10 seconds.